 Dungeon Crawl Stone Soup version 0.31-a0-876-gfe8ebadbca (webtiles) character file.

Game seed: 9010683146872306647

2130 oldriver the Cleaver (level 9, -5/58 HPs)
             Began as a Gargoyle Fighter on Oct 14, 2023.
             Was a Believer of Okawaru.
             Slain by a shadow (28 damage)
             ... on level 9 of the Dungeon.
             The game lasted 00:09:43 (6211 turns).

oldriver the Cleaver (Gargoyle Fighter)             Turns: 6211, Time: 00:09:43

Health: -5/58      AC: 25    Str: 24    XL:     9   Next: 30%
Magic:  9/11       EV: 11    Int:  9    God:    Okawaru [**....]
Gold:   352        SH:  6    Dex: 15    Spells: 8/8 levels left

rFire   + . .        a - +0 war axe
rCold   . . .        c - +0 buckler
rNeg    + . .        D - +3 chain mail {rF+}
rPois   ∞            (no helmet)
rElec   +            A - +0 cloak
rCorr   .            u - +2 pair of gloves
SInv    .            (no boots)
Will    .....        d - amulet of regeneration Stlth
                     n - +6 ring of dexterity
HPRegen 1.09/turn    (no ring)
MPRegen 0.12/turn

%: no passive effects
@: heroic
A: sickness immunity, AC +6, negative energy resistance 1, electricity
resistance, torment resistance 1, petrification resistance
a: Renounce Religion, Heroism


You were on level 9 of the Dungeon.
You worshipped Okawaru.
Okawaru was pleased with you.
You visited 1 branch of the dungeon, and saw 9 of its levels.
You also visited: Sewer and Ossuary.

You collected 643 gold pieces.
You spent 291 gold pieces at shops.

Inventory:

Hand Weapons
 a - a +0 war axe (weapon)
Missiles
 x - a throwing net
Armour
 c - a +0 buckler (worn)
 u - a +2 pair of gloves (worn)
 A - a +0 cloak (worn)
 D - a +3 chain mail of fire resistance (worn)
Jewellery
 d - an amulet of regeneration (around neck)
 n - a +6 ring of dexterity (left hand)
Talismans
 e - a maw talisman
Wands
 f - a wand of paralysis (6)
 l - a wand of polymorph (7)
 y - a wand of iceblast (7)
 C - a wand of flame (11)
Scrolls
 k - a scroll of immolation
 o - a scroll of teleportation
 q - a scroll of fear
 v - 2 scrolls of fog
Potions
 b - a potion of ambrosia {unknown}
 g - a potion of brilliance
 j - a potion of attraction
 m - 2 potions of mutation
 p - 2 potions of resistance
 r - 3 potions of magic
 s - 2 potions of might
 t - a potion of enlightenment {unknown}
 z - a potion of heal wounds {unknown}
 B - a potion of lignification


   Skills:
 + Level 7.7(12.7) Fighting
 * Level 8.4(13.4) Axes
 - Level 4.0(9.0) Armour
 - Level 1.0(6.0) Dodging
 - Level 4.0(9.0) Shields
 + Level 3.4 Invocations


You had 8 spell levels left.
You didn't know any spells.
Your spell library contained the following spells:

 Spells                   Type           Power      Damage    Failure   Level
 Necrotise                Necr           0%         1d4       91%         1
 Shock                    Conj/Air       0%         1d3       91%         1
 Slow                     Hex            0%         N/A       91%         1
 Blink                    Tloc           0%         N/A       97%         2
 Confusing Touch          Hex            0%         N/A       99%         3
 Inner Flame              Hex/Fire       0%         N/A       99%         3
 Ozocubu's Armour         Ice            0%         N/A       99%         3
 Sigil of Binding         Hex            0%         N/A       99%         3
 Swiftness                Air            0%         N/A       99%         3
 Vampiric Draining        Necr           0%         2d6       99%         3
 Airstrike                Air            0%         2d(0-16)  100%        4
 Manifold Assault         Tloc           0%         N/A       100%        4
 Agony                    Necr           0%         N/A       100%        5
 Yara's Violent Unravell  Hex/Tmut       0%         3d3       100%        5
 Enfeeble                 Hex            0%         N/A       100%        7
 Ozocubu's Refrigeration  Ice            0%         4d7       100%        7


Dungeon Overview and Level Annotations

Branches:
Dungeon (10/15)            Temple (0/1) D:5           Sewer (visited)
Ossuary (visited)
   Lair: D:8-11         Orc: D:9-12

Altars:
Cheibriados
Fedhas
Nemelex Xobeh
Okawaru
Qazlal
Ru
Sif Muna
Yredelemnul
Zin
The Shining One

Shops:
D:9 [

Annotations:
D:3 2 runed translucent doors, Supercliff's ghost, novice DECj


Innate Abilities, Weirdness & Mutations

You are immune to sickness and miasma.
Your stone body is resilient. (AC +6)
You are immune to poison.
You resist negative energy. (rN+)
You are resistant to electric shocks. (rElec)
You are resistant to unholy torment.
You are immune to petrification.


Message History

You are too injured to fight recklessly!
You are too injured to fight recklessly!
You are too injured to fight recklessly!
You are too injured to fight recklessly!
You are too injured to fight recklessly!
You are too injured to fight recklessly!
You are too injured to fight recklessly!
You are too injured to fight recklessly!
You hit the shadow.
The shadow is moderately damaged.
The shadow hits you.
You hit the shadow.
The shadow is heavily damaged.
The shadow slips into darkness.
The shadow flickers and vanishes!
Deactivating autopickup; reactivate with Ctrl-A.
You barely miss something.
The shadow strikes at you from the darkness!
* * * LOW HITPOINT WARNING * * *
Reactivating autopickup.
Okay, then.
You gain the combat prowess of a mighty hero.
The shadow slips into darkness.
The shadow flickers and vanishes!
Deactivating autopickup; reactivate with Ctrl-A.
You barely miss something.
The shadow strikes at you from the darkness!
* * * LOW HITPOINT WARNING * * *
Reactivating autopickup.
You hit the shadow but do no damage.
The shadow is heavily damaged.
The shadow closely misses you.
You feel better. The shadow misses you.
You feel better.
The shadow slips into darkness.
The shadow flickers and vanishes!
Deactivating autopickup; reactivate with Ctrl-A.
You hit something but do no damage.
The shadow strikes at you from the darkness!
You die...

#.### ### #.### ..#
#.#.. #.# #.#.. #.#
#.#.. #.# #.#.. #.#
####.#..
#.#########....#.# #
#@#......##....#.# #.
#{#......##....#.#
.#.#.<#y#......##....#.#
....................>~.#
........~~~≈~####~≈~.~..
.{.####.~~≈~~~##~≈~~.~..
.~ .................~..
~~###..~≈~#~~~≈~~†~.~ ≈≈
##.~≈###≈≈≈≈~.~.≈


You could see a killer bee.

Vanquished Creatures
  Sigmund (D:2)
  A steam dragon (D:9)
  2 water moccasins
  An ice beast (D:7)
  A sky beast (D:7)
  A black bear (D:7)
  A kobold brigand (D:6)
  2 elf zombies (Ossuary)
  A bullfrog (D:7)
  A scorpion (D:5)
  3 wights (D:6)
  2 killer bees (D:9)
  2 howler monkeys
  2 jellies
  2 hounds (D:5)
  An orc priest (D:3)
  A sleepcap (D:6)
  2 iguanas (D:5)
  3 orc wizards
  A hell rat (Sewer)
  2 mummies (Ossuary)
  7 gnolls
  6 adders
  3 river rats (Sewer)
  A shadow imp (D:4)
  2 white imps (D:7)
  An ufetubus (D:6)
  19 orcs
  6 endoplasms
  7 giant cockroaches
  7 goblins
  10 hobgoblins
  4 jackals (D:3)
  13 quokkas
  6 ball pythons
  A bat (D:1)
  5 frilled lizards
  7 gnoll zombies (Ossuary)
  2 goblin zombies (Ossuary)
  2 hobgoblin zombies (Ossuary)
  12 kobolds
  An orc zombie (Ossuary)
  10 rats
165 creatures vanquished.

Vanquished Creatures (others)
  An electric eel (D:9)
1 creature vanquished.

Grand Total: 166 creatures vanquished

Notes
Turn   | Place    | Note
-------+----------+-------------------------------------------
     0 | D:1      | oldriver the Gargoyle Fighter began the quest for the Orb.
     0 | D:1      | Reached XP level 1. HP: 14/14 MP: 1/1
    61 | D:1      | Reached skill level 2 in Axes
   239 | D:1      | Reached XP level 2. HP: 19/19 MP: 2/2
   432 | D:1      | Reached XP level 3. HP: 24/24 MP: 3/3
   882 | D:2      | Noticed Sigmund
   904 | D:2      | Killed Sigmund
   905 | D:2      | Reached skill level 4 in Axes
   905 | D:2      | Reached XP level 4. HP: 13/30 MP: 4/4
   905 | D:2      | Reached XP level 5. HP: 15/34 MP: 5/5
  2001 | D:3      | Found an iron altar of Okawaru.
  2039 | D:3      | Became a worshipper of Warmaster Okawaru
  2081 | D:3      | Reached XP level 6. HP: 33/40 MP: 6/6
  2091 | D:3      | Reached skill level 5 in Fighting
  2103 | D:3      | Found a large runed translucent door.
  2103 | D:3      | Found a large runed translucent door.
  2107 | D:3      | Noticed Supercliff's ghost (novice DECj)
  3110 | D:4      | Reached skill level 5 in Axes
  3264 | D:4      | Found a basalt altar of Yredelemnul.
  3264 | D:4      | Found a shimmering blue altar of Sif Muna.
  3402 | D:4      | Found a sand-covered staircase.
  3406 | Ossuary  | Entered an ossuary
  3459 | Ossuary  | Reached XP level 7. HP: 44/44 MP: 7/7
  3768 | D:5      | Entered Level 5 of the Dungeon
  3865 | D:5      | Reached skill level 6 in Axes
  3873 | D:5      | Found a stormy altar of Qazlal.
  3873 | D:5      | Noticed a water elemental
  3876 | D:5      | Noticed a fire elemental
  3876 | D:5      | Noticed an air elemental
  3968 | D:5      | Found a glowing drain.
  3976 | D:5      | Reached * piety under Okawaru
  4096 | Sewer    | Entered a sewer
  4369 | D:5      | Found a staircase to the Ecumenical Temple.
  4529 | D:5      | Reached XP level 8. HP: 49/52 MP: 8/8
  4653 | D:6      | Found a snail-covered altar of Cheibriados.
  4655 | D:6      | Found a glowing silver altar of Zin.
  4655 | D:6      | Found a blossoming altar of Fedhas.
  4824 | D:6      | Found a sacrificial altar of Ru.
  4842 | D:6      | Reached skill level 7 in Axes
  4889 | D:6      | Found a sparkling altar of Nemelex Xobeh.
  4902 | D:6      | Reached ** piety under Okawaru
  4988 | D:6      | Reached skill level 1 in Dodging
  5125 | D:6      | Reached skill level 1 in Invocations
  5805 | D:7      | Reached XP level 9. HP: 57/57 MP: 10/10
  5861 | D:7      | Found a glowing golden altar of the Shining One.
  5910 | D:7      | Reached skill level 8 in Axes
  5945 | D:7      | You fall into a shaft and drop 3 floors!
  5945 | D:10     | Entered Level 10 of the Dungeon
  5988 | D:10     | Noticed a boulder beetle
  6065 | D:9      | Found Jyptaol's Armour Shop.
  6074 | D:9      | Bought a +3 chain mail of fire resistance for 291 gold
                  | pieces
  6131 | D:9      | Reached *** piety under Okawaru
  6211 | D:9      | Slain by a shadow

Illustrated notes

Levels and vault maps discovered:
D:1:      nicolae_arrival_memento_mori, layout_basic
D:2:      wad_lake_hut, layout_basic, serial_rivers,
          chequers_serial_rivers_small_b, chequers_serial_rivers_small_3,
          chequers_serial_rivers_micro_a, chequers_serial_rivers_micro_a,
          chequers_serial_rivers_room_b, chequers_serial_rivers_small_3,
          uniq_sigmund
D:3:      layout_basic, okawaru_trees_2, ebering_ghost_disaster_area,
          nrook_campfire, kennysheep_generic_room_8
D:4:      layout_loops_ring, nicolae_overflow_two_pavilions, enter_ossuary_5
D:5:      layout_loops_cross, nicolae_qazlal_style_of_elements,
          minmay_temple_entry_statues_fountains, gup_sewer_entry_pipe
D:6:      layout_basic, mainiacjoe_overflow_chevrons,
          chequers_temple_overflow_statue_of_worship,
          mainiacjoe_overflow_boulevard
D:7:      minmay_angry_zag, layout_loops_corners, nicolae_tso_swordbearing_angel
D:9:      layout_basic, erik_orc_4, serial_shops, shop_statue, billiards_dpeg
D:10:     layout_roguey, david_lair_generic, nicolae_figureground_sparkle

Skill      XL: |  1  2  3  4  5  6  7  8  9 |
---------------+----------------------------+-----
Axes           | 2 4 5 6 7 8 |  8.4
Fighting       | 4 5 6 7 |  7.7
Dodging        | 1 |  1.0
Armour         | 4 |  4.0
Shields        | 4 |  4.0
Invocations    | 2 3 |  3.4

Action                     |  1- 3 |  4- 6 |  7- 9 || total
---------------------------+-------+-------+-------++-------
  Melee: War axe           |    74 |   146 |   336 ||   556
 Invoke: Heroism           |       |       |     1 ||     1
    Use: Potion            |     1 |       |     2 ||     3
         Scroll            |       |     9 |     7 ||    16
   Stab: Distracted        |     1 |       |       ||     1
         Sleeping          |       |     4 |     6 ||    10
 Armour: Scale mail        |    29 |       |       ||    29
         Robe              |    28 |    90 |   203 ||   321
         Chain mail        |       |       |    74 ||    74
  Dodge: Dodged            |    44 |    70 |   154 ||   268
  Block: Buckler           |    13 |    31 |    77 ||   121

Table legend: (Time is in decaauts)
 A = Elapsed time spent in this place.
 B = Non-inter-level travel time spent in this place.
 C = Inter-level travel time spent in this place.
 D = Time resting spent in this place.
 E = Time spent auto-exploring this place.
 F = Levels seen in this place.
 G = Mean time per level.
                   A        B        C        D        E       F      G
               +--------+--------+--------+--------+--------+-----+--------+
         Total |   6412 |   6168 |    244 |     89 |   4196 |  11 |  582.9 |
       Dungeon |   6123 |   5879 |    244 |     74 |   4101 |   9 |  680.3 |
         Sewer |    136 |    136 |      0 |     15 |     39 |   1 |  136.0 |
       Ossuary |    152 |    152 |      0 |      0 |     56 |   1 |  152.0 |
               +--------+--------+--------+--------+--------+-----+--------+

Top non-repeatable levels by time:
     D:2: 1328 daAuts
     D:3: 1081 daAuts
     D:5: 787 daAuts
     D:1: 742 daAuts
     D:7: 670 daAuts
     D:6: 663 daAuts
     D:4: 577 daAuts
     D:9: 186 daAuts
 Ossuary: 152 daAuts
   Sewer: 136 daAuts
    D:10: 85 daAuts
